 Dungeon Crawl Stone Soup version 0.29.1-12-g30fa7ad0bf (webtiles) character file.

Game seed: 16940361392123169542

7644 xian the Skirmisher (level 11, -3/86 HPs)
             Began as a Formicid Abyssal Knight on Dec 21, 2022.
             Was a High Priest of Lugonu.
             Slain by a vampire (4 damage)
             ... on level 11 of the Dungeon.
             The game lasted 00:29:57 (11039 turns).

xian the Skirmisher (Formicid Abyssal Knight)      Turns: 11039, Time: 00:29:57

Health: -3/86      AC: 11    Str: 19    XL:     11   Next: 41%
Magic:  17/17      EV: 13    Int: 13    God:    Lugonu [*****.]
Gold:   1317       SH:  0    Dex: 23    Spells: 10/10 levels left

rFire   + . .      SeeInvis +   t - +8 short sword of Qoiggil {drain, rF+ Will+ Dex+3}
rCold   . . .      Faith    .   (no shield)
rNeg    . . .      Spirit   .   r - +2 ring mail {Will+}
rPois   .          Reflect  .   (helmet unavailable)
rElec   .          Harm     .   f - scarf {repulsion}
rCorr   .          Rampage  .   B - +0 pair of gloves
Will    ++++.                   z - +0 pair of boots
Stlth   ++........              (no amulet)
HPRegen 0.24/turn               i - +6 ring of dexterity
MPRegen 0.15/turn               H - ring of willpower

@: studying Axes, repel missiles
A: permanent stasis, dig shafts and tunnels, antennae 3, four strong arms
a: Dig, Shaft Self, Renounce Religion, Depart the Abyss, Bend Space, Banish,
Corrupt, Enter the Abyss


You were on level 11 of the Dungeon.
You worshipped Lugonu.
Lugonu was extremely pleased with you.
You visited 1 branch of the dungeon, and saw 11 of its levels.
You visited the Abyss 1 time.

You collected 1317 gold pieces.

Inventory:

Hand Weapons
 t - the +8 short sword of Qoiggil (weapon) {drain, rF+ Will+ Dex+3}
   (You found it on level 2 of the Dungeon)

   A truly terrible weapon, it drains the life of any living foe it strikes.
   Dex:       It affects your dexterity (+3).
   rF:        It protects you from fire.
   Will:      It increases your willpower.
 M - the +6 sling "Doosm" {flame, Int+4}
   (You found it on level 9 of the Dungeon)

   Any ammunition fired from it burns those it strikes, dealing additional fire
   damage.
   Int:       It affects your intelligence (+4).
Missiles
 c - 47 poisoned darts (quivered)
 g - 2 datura-tipped darts
 m - 43 stones
 A - 6 curare-tipped darts
 F - 3 silver boomerangs
 G - 6 silver javelins
Armour
 a - a +0 cloak
 f - a scarf of repulsion (worn)
 r - a +2 ring mail of willpower (worn)
 z - a +0 pair of boots (worn)
 B - a +0 pair of gloves (worn)
Jewellery
 i - a +6 ring of dexterity (left hand)
 s - a ring of fire
 w - a ring of resist corrosion
 H - a ring of willpower (right hand)
Wands
 n - a wand of quicksilver (8)
 C - a wand of digging (9)
 I - a wand of charming (15)
Scrolls
 e - 4 scrolls of immolation {unknown}
 k - a scroll of brand weapon
 l - 2 scrolls of enchant armour {unknown}
 u - 2 scrolls of enchant weapon {unknown}
 y - 3 scrolls of amnesia {unknown}
 E - a scroll of poison
 J - a scroll of fog {unknown}
 K - 3 scrolls of noise {unknown}
 L - a scroll of blinking
Potions
 d - a potion of cancellation
 h - 6 potions of curing
 q - a potion of flight
 x - a potion of brilliance
Miscellaneous
 b - a condenser vane
 o - a phial of floods


   Skills:
 + Level 8.0 Fighting
 + Level 6.0 Short Blades
 + Level 2.8 Axes
 + Level 9.2 Ranged Weapons
 + Level 0.9 Throwing
 + Level 6.9 Armour
 + Level 3.7 Dodging
 + Level 3.7 Stealth
 * Level 9.0 Invocations


You had 10 spell levels left.
You didn't know any spells.
Your spell library contained the following spells:

 Spells                   Type           Power      Damage    Failure   Level
 Shock                    Conj/Air       0%         1d3       45%         1
 Ensorcelled Hibernation  Hex/Ice        0%         N/A       58%         2
 Confusing Touch          Hex            0%         N/A       83%         3
 Inner Flame              Hex/Fire       0%         N/A       83%         3
 Iskenderun's Battlesphe  Conj           0%         2d6       100%        5
 Iron Shot                Conj/Erth      0%         9d1       100%        6
 Spellforged Servitor     Conj/Summ      0%         N/A       100%        7


Dungeon Overview and Level Annotations

Branches:
Dungeon (11/15)            Temple (0/1) D:5            Lair (0/5) D:10
    Orc: D:9-12

Altars:
Dithmenos
Elyvilon
Fedhas
Gozag
Hepliaklqana
Kikubaaqudgha
Nemelex Xobeh
Qazlal
Sif Muna
Vehumet
Yredelemnul
Zin

Portals:
Bailey: D:10

Annotations:
D:3 exclusion: statue
D:7 4 runed translucent doors


Innate Abilities, Weirdness & Mutations

You cannot be hasted, slowed, berserked, paralysed or teleported.
You can dig through walls and to a lower floor.
You have a pair of large antennae on your head. (SInv)
Your four strong arms can wield two-handed weapons with a shield.


Message History

The vampire bites you!
The vampire draws strength from your injuries!
You hit the vampire.
The vampire is lightly damaged.
You hit the vampire but do no damage.
The vampire is lightly damaged.
The vampire misses you. The vampire bites you.
The vampire draws strength from your injuries!
You closely miss the vampire.
The vampire is lightly damaged.
The vampire hits you!
* * * LOW HITPOINT WARNING * * *
The vampire barely misses you.
Unknown command.
You hit the vampire.
The vampire is lightly damaged.
The vampire completely misses you. The vampire bites you.
* * * LOW HITPOINT WARNING * * *
The vampire draws strength from your injuries!
You hit the vampire.
The vampire is moderately damaged.
The vampire barely misses you. The vampire closely misses you.
As you read the scroll of fear, it crumbles to dust.
You assume a fearsome visage.
The goblin looks frightened!
The vampire is unaffected.
The vampire mosquito is unaffected.
The vampire barely misses you.
The vampire bites you but does no damage.
Unknown command.
You hit the vampire.
The vampire is moderately damaged.
Cornered, the goblin turns to fight!
You puncture the vampire!
The vampire is heavily damaged.
The vampire draws life force from you!
* * * LOW HITPOINT WARNING * * *
The vampire is healed by the life force!
You hit the vampire but do no damage.
The vampire is moderately damaged.
The vampire misses you. The vampire bites you.
You die...

#####
#@Vg#
###y#
>.#
#.).
#..#.
......
{ #..#
.#
#...
..


You could see a vampire, a vampire mosquito and a goblin.

Vanquished Creatures
  A boulder beetle (D:7)
  A cyclops (D:7)
  2 hornets
  2 trolls
  2 wyverns
  2 basilisks (D:10)
  A steam dragon (D:8)
  Menkaure (D:4)
  A vampire mosquito (D:11)
  7 water moccasins
  An acid dragon (D:10)
  2 ice beasts (D:6)
  4 black bears
  3 ogres
  An orc warrior (D:7)
  3 sky beasts
  3 wolves (D:10)
  A phantom (D:4)
  3 centaurs
  4 kobold brigands
  7 bullfrogs
  A necrophage (D:4)
  A wight (D:7)
  6 killer bees (D:9)
  5 howler monkeys
  3 hounds
  4 jellies
  A gnoll bouda (D:5)
  4 orc priests
  Crazy Yiuf (D:2)
  Natasha (thrice) (D:2)
  4 iguanas
  5 orc wizards
  Robin (D:2)
  12 adders
  8 gnolls
  2 shadow imps
  A white imp (D:7)
  2 ufetubi (D:5)
  An adder zombie (D:4)
  An adder skeleton (D:4)
  4 dart slugs
  26 orcs
  3 ball pythons
  17 endoplasms
  4 giant cockroaches
  14 goblins
  9 hobgoblins
  4 jackals (D:1)
  28 kobolds
  3 quokkas
  6 bats
  3 frilled lizards (D:1)
  4 rats
243 creatures vanquished.

Vanquished Creatures (others)
  2 bushes (D:10)
  6 fungi
  18 plants
  7 toadstools (D:2)
33 creatures vanquished.

Grand Total: 276 creatures vanquished

Notes
Turn   | Place    | Note
-------+----------+-------------------------------------------
     0 | Abyss:1  | xian the Formicid Abyssal Knight began the quest for the
                  | Orb.
     0 | Abyss:1  | Reached XP level 1. HP: 18/18 MP: 2/2
    10 | Abyss:1  | Found a corrupted altar of Lugonu.
    75 | Abyss:3  | Noticed a blink frog
    75 | Abyss:3  | Noticed a blink frog
    75 | Abyss:3  | Noticed a blink frog
    75 | D:1      | Escaped the Abyss
   123 | D:1      | Reached XP level 2. HP: 16/24 MP: 3/3
   235 | D:1      | Reached ** piety under Lugonu
   348 | D:1      | Reached skill level 1 in Dodging
   689 | D:1      | Reached XP level 3. HP: 28/30 MP: 4/4
   943 | D:1      | Found a faded altar of an unknown god.
   961 | D:1      | Got Plato's Papyrus of Lightning
  1075 | D:2      | Noticed Robin
  1093 | D:2      | Killed Robin
  1094 | D:2      | Reached skill level 1 in Stealth
  1098 | D:2      | Reached XP level 4. HP: 24/37 MP: 4/6
  1537 | D:2      | Noticed Natasha
  1549 | D:2      | Killed Natasha
  1623 | D:2      | Identified the +8 short sword of Qoiggil {drain, rF+ Will+
                  | Dex+3}
  1749 | D:2      | Reached skill level 1 in Ranged Weapons
  1749 | D:2      | Reached XP level 5. HP: 42/42 MP: 7/7
  1893 | D:2      | Found a runed translucent door.
  1894 | D:2      | Noticed Crazy Yiuf
  1921 | D:2      | Killed Crazy Yiuf
  2088 | D:2      | Noticed Natasha
  2097 | D:2      | Killed Natasha
  2249 | D:2      | Reached *** piety under Lugonu
  2278 | D:2      | Reached XP level 6. HP: 48/48 MP: 8/8
  2378 | D:2      | Noticed Natasha
  2384 | D:2      | Killed Natasha
  2880 | D:3      | Found a radiant altar of Vehumet.
  3236 | D:4      | Reached XP level 7. HP: 54/54 MP: 9/9
  3244 | D:4      | Got Joxziror's Vademecum on the Hindering Iceberg
  3535 | D:4      | Found an ancient bone altar of Kikubaaqudgha.
  3535 | D:4      | Noticed Menkaure
  3538 | D:4      | Found a basalt altar of Yredelemnul.
  3652 | D:4      | Reached skill level 1 in Short Blades
  3654 | D:4      | Reached **** piety under Lugonu
  3869 | D:4      | Found a shimmering blue altar of Sif Muna.
  3928 | D:4      | Found a transporter.
  3942 | D:4      | Found a transporter.
  4464 | D:4      | Killed Menkaure
  4465 | D:4      | Reached skill level 5 in Ranged Weapons
  4465 | D:4      | Reached XP level 8. HP: 10/61 MP: 11/11
  4752 | D:5      | Entered Level 5 of the Dungeon
  4832 | D:5      | Reached skill level 5 in Fighting
  5258 | D:5      | Reached skill level 5 in Invocations
  5465 | D:5      | Found a staircase to the Ecumenical Temple.
  5914 | D:6      | Reached XP level 9. HP: 55/68 MP: 12/12
  6166 | D:6      | Found a glowing silver altar of Zin.
  6837 | D:7      | Found a large runed translucent door.
  6837 | D:7      | Found a large runed translucent door.
  7085 | D:7      | Noticed a white ugly thing
  7091 | D:7      | Found a large runed translucent door.
  7091 | D:7      | Found a large runed translucent door.
  7122 | D:7      | Noticed a boulder beetle
  7178 | D:7      | Killed a boulder beetle
  7179 | D:7      | Reached skill level 5 in Armour
  7179 | D:7      | Reached XP level 10. HP: 23/77 MP: 13/15
  7798 | D:7      | Noticed a cyclops
  7809 | D:7      | Killed a cyclops
  7810 | D:7      | Reached skill level 5 in Short Blades
  7923 | D:7      | Found a large runed translucent door.
  7923 | D:7      | Found a large runed translucent door.
  8097 | D:7      | Reached ***** piety under Lugonu
  8226 | D:7      | Found a sparkling altar of Nemelex Xobeh.
  8226 | D:7      | Found an opulent altar of Gozag.
  8677 | D:7      | Found a blossoming altar of Fedhas.
  8697 | D:7      | Found a white marble altar of Elyvilon.
  8909 | D:8      | Found a shadowy altar of Dithmenos.
  9000 | D:8      | Found a stormy altar of Qazlal.
  9291 | D:8      | Found a faded altar of an unknown god.
  9293 | D:8      | Found a faded altar of an unknown god.
  9294 | D:8      | Found a faded altar of an unknown god.
  9299 | D:8      | Found a hazy altar of Hepliaklqana.
  9716 | D:9      | Reached XP level 11. HP: 39/84 MP: 17/17
 10128 | D:9      | Identified the +6 sling "Doosm" {flame, Int+4}
 10681 | D:10     | Entered Level 10 of the Dungeon
 10681 | D:10     | Found a staircase to the Lair.
 10992 | D:10     | Identified a scroll of acquirement
 10992 | D:10     | Acquired 871 gold pieces
 10995 | D:10     | Found a flagged portal.
 11038 | D:11     | HP: 1/86 [vampire/vampiric draining (15)]
 11039 | D:11     | Slain by a vampire

Illustrated notes

Levels and vault maps discovered:
D:1:      nzn_arrival_water_spiral, layout_basic,
          shapermc_ecumenical_altar_rom_forum, serial_bayou_pond_c
D:2:      cheibrodos_fertilizer, layout_basic, uniq_robin, uniq_natasha,
          uniq_crazy_yiuf_cottage
D:3:      layout_rooms, vehumet_statue
D:4:      layout_rooms, lemuel_blue_sif_altar, gammafunk_temple_of_torment
D:5:      layout_layer_cave, minmay_temple_entry_grid
D:6:      layout_cave_pools, zin_statuary, dk_vineyard_1
D:7:      layout_cave_pods, grunt_temple_overflow_opulence,
          jmf_multi_god_temple2, minmay_hollow_rounded_squares
D:8:      layout_rooms, nicolae_qazlal_general_emergency, kennysheep_mini,
          nicolae_hepliaklqana_ecumenical_no_more
D:9:      layout_basic, minivault_23
D:10:     layout_loops_ring, bloody_makhleb, minmay_lair_entry_grove,
          enter_bailey_5, hangedman_abyss_or_decor_clamps,
          serial_nicolae_subway, nicolae_sub_station_metal,
          nicolae_sub_station_stone, nicolae_sub_station_crystal
D:11:     layout_basic, gauntlet_entry_generic, uniq_sonja, uniq_psyche,
          uniq_grum, uniq_urug

Skill      XL: |  1  2  3  4  5  6  7  8  9 10 11 |
---------------+----------------------------------+-----
Dodging        | 1 2 3 |  3.7
Stealth        | 1 2 3 |  3.7
Fighting       | 4 5 6 7 8 |  8.0
Invocations    | 3 4 5 7 8 9 |  9.0
Ranged Weapons | 1 2 4 5 6 7 8 9 |  9.2
Armour         | 3 4 5 6 |  6.9
Short Blades   | 1 2 4 5 6 |  6.0
Axes           | |  2.8
Throwing       | |  0.9

Action                   |  1- 3 |  4- 6 |  7- 9 | 10-12 || total
-------------------------+-------+-------+-------+-------++-------
Melee: Hand axe          |    65 |     9 |       |       ||    74
       Short sword       |       |     3 |   231 |   170 ||   404
       Punch             |       |       |     3 |     2 ||     5
 Fire: Sling             |       |   141 |   155 |   121 ||   417
Throw: Stone             |     3 |       |     5 |       ||     8
       Dart              |       |       |       |     4 ||     4
Invok: Depart the Abyss  |     1 |       |       |       ||     1
  Use: Potion            |       |       |    11 |     7 ||    18
       Scroll            |       |       |       |     7 ||     7
 Stab: Sleeping          |       |       |     2 |     1 ||     3
       Distracted        |       |       |     1 |       ||     1
       Invisible         |       |       |       |     2 ||     2
       Petrified         |       |       |       |     2 ||     2
Armor: Leather armour    |     5 |       |       |       ||     5
       Ring mail         |    26 |    22 |    65 |   110 ||   223
       Scale mail        |       |     7 |    70 |       ||    77
       Skin              |       |       |     9 |       ||     9
Dodge: Dodged            |    33 |    39 |   171 |   214 ||   457
       Repelled          |       |       |       |     3 ||     3
